 Dungeon Crawl Stone Soup version 0.29.1-1-gd02db6906a (webtiles) character file.

Game seed: 10877531714999365756

3241 Anriel the Cudgeller (level 9, -6/56 HPs)
             Began as a Gargoyle Fighter on Oct 14, 2022.
             Was an Initiate of Okawaru.
             Mangled by an eight-headed hydra (8 damage)
             ... on level 7 of the Dungeon.
             The game lasted 00:38:58 (6320 turns).

Anriel the Cudgeller (Gargoyle Fighter)             Turns: 6320, Time: 00:38:59

Health: -6/56      AC: 19    Str: 24    XL:     9   Next: 99%
Magic:  0/9        EV:  8    Int:  9    God:    Okawaru [......]
Gold:   306        SH:  5    Dex:  9    Spells: 8/8 levels left

rFire   . . .      SeeInvis .   d - +2 mace (protect)
rCold   + . .      Faith    .   c - +0 buckler
rNeg    + + .      Spirit   +   h - +1 chain mail
rPois   ∞          Reflect  .   (no helmet)
rElec   +          Harm     .   (no cloak)
rCorr   .          Rampage  .   (no gloves)
Will    .....                   i - +0 pair of boots
Stlth   ..........              w - amulet of guardian spirit
HPRegen 0.18/turn               j - ring of positive energy
MPRegen 0.11/turn               s - ring of protection from cold

@: about to teleport
A: sickness immunity, AC +6, negative energy resistance 1, electricity
resistance, torment resistance 1, petrification resistance
a: Renounce Religion


You were on level 7 of the Dungeon.
You worshipped Okawaru.
Okawaru was noncommittal.
You visited 2 branches of the dungeon, and saw 8 of its levels.

You collected 306 gold pieces.

Inventory:

Hand Weapons
 d - a +2 mace of protection (weapon)
 e - a +3 flail
Missiles
 m - 3 boomerangs (quivered)
 x - 3 silver boomerangs
Armour
 a - the +1 robe of a wizard's laboratory {rF++ Str+3}
   (You found it on level 7 of the Dungeon)

   Str:       It affects your strength (+3).
   rF:        It greatly protects you from fire.
 c - a +0 buckler (worn)
 h - a +1 chain mail (worn)
 i - a +0 pair of boots (worn)
Jewellery
 j - a ring of positive energy (left hand)
 s - a ring of protection from cold (right hand)
 w - an amulet of guardian spirit (around neck)
 y - an amulet of magic regeneration
 B - a ring of protection from cold
 C - a ring of fire
Wands
 t - a wand of paralysis (5)
 z - a wand of flame (6)
Scrolls
 b - a scroll of enchant armour
 f - 4 scrolls of magic mapping
 k - a scroll of amnesia
 q - a scroll of enchant weapon
Potions
 g - 2 potions of degeneration {unknown}
 l - 2 potions of ambrosia
 n - a potion of haste {unknown}
 o - a potion of berserk rage {unknown}
 p - a potion of heal wounds {unknown}
 r - a potion of curing
 u - 3 potions of flight {unknown}
 v - a potion of attraction
 D - 3 potions of resistance


   Skills:
 + Level 6.3 Fighting
 + Level 7.9 Maces & Flails
 * Level 5.2 Throwing
 + Level 7.1 Armour
 + Level 2.0 Dodging
 + Level 0.4 Stealth
 * Level 6.6 Shields


You had 8 spell levels left.
You didn't know any spells.
Your spell library contained the following spells:

 Spells                   Type           Power      Damage    Failure   Level
 Magic Dart               Conj           0%         1d3       97%         1
 Slow                     Hex            0%         N/A       97%         1
 Ensorcelled Hibernation  Hex/Ice        0%         N/A       99%         2
 Passwall                 Tmut/Erth      0%         N/A       99%         2
 Confusing Touch          Hex            0%         N/A       100%        3
 Mephitic Cloud           Conj/Pois/Air  0%         N/A       100%        3
 Ozocubu's Armour         Ice            0%         N/A       100%        3
 Swiftness                Air            0%         N/A       100%        3
 Vampiric Draining        Necr           0%         2d6       100%        3
 Metabolic Englaciation   Hex/Ice        0%         N/A       100%        5
 Call Imp                 Summ           Unusable   N/A       N/A         2
 Simulacrum               Ice/Necr       Unusable   N/A       N/A         6

Dungeon Overview and Level Annotations

Branches:
Dungeon (7/15)             Temple (1/1) D:7

Altars:
Ashenzari
Cheibriados
Dithmenos
Elyvilon
Fedhas
Kikubaaqudgha
Makhleb
Nemelex Xobeh
Okawaru
Qazlal
Ru
Sif Muna
Trog
Uskayaw
Vehumet
Wu Jian
Xom
Yredelemnul
Zin
The Shining One


Innate Abilities, Weirdness & Mutations

You are immune to sickness and miasma.
Your stone body is resilient. (AC +6)
You are immune to poison.
You resist negative energy. (rN+)
You are resistant to electric shocks. (rElec)
You are resistant to unholy torment.
You are immune to petrification.


Message History

You block the eight-headed hydra's attack.
The eight-headed hydra bites you but does no damage. x3
As you read the scroll of teleportation, it crumbles to dust.
You feel strangely unstable.
The eight-headed hydra bites you but does no damage. x3
You block the eight-headed hydra's attack.
The eight-headed hydra bites you but does no damage.
The eight-headed hydra bites you.
The eight-headed hydra barely misses you.
The eight-headed hydra bites you.
The eight-headed hydra attacks as you move away!
The eight-headed hydra bites you. The eight-headed hydra bites you!
The eight-headed hydra barely misses you.
The eight-headed hydra bites you.
The eight-headed hydra bites you but does no damage.
The eight-headed hydra bites you.
* * * LOW HITPOINT WARNING * * *
The eight-headed hydra bites you but does no damage.
The eight-headed hydra bites you.
* * * LOW HITPOINT WARNING * * *
The orc hits you with a +0 whip.
* * * LOW HITPOINT WARNING * * *
The orc priest miscasts a cantrip.
The orc priest looks encouraged for a moment.
You feel better. The eight-headed hydra bites you.
* * * LOW HITPOINT WARNING * * *
The eight-headed hydra barely misses you.
You block the eight-headed hydra's attack.
The eight-headed hydra bites you!
* * * LOW HITPOINT WARNING * * *
The eight-headed hydra bites you but does no damage. x2
The eight-headed hydra bites you.
* * * LOW HITPOINT WARNING * * *
The eight-headed hydra bites you but does no damage.
The orc hits you with a +0 whip.
* * * LOW HITPOINT WARNING * * *
You feel better. The eight-headed hydra bites you!
* * * LOW HITPOINT WARNING * * *
The eight-headed hydra bites you!
You die...

.......# .....#.#.#.#.#. ##.#####
###.####..###)##. ...# #.........
#.### #### ##.#...### #.# #.....#
#.# #############.#.#.## #.#
#.........##.....[.#######.###
####.######.....#.8.#.[..........
.........##...#D@...).#...###..##
####.###.##.#.oo8.>.8...#......#
# #.# #.##...#oo.....#...##...# #
#.###.###....#.8.#....##....# #
#.............o....##.###...#
#####.#####...#.#.###........ #.#
#.#.....# ######.##
#####D#####....#.##
#...).)..#####...#


You could see an eight-headed hydra, an orc warrior, 2 orc priests and 2 orcs.

Vanquished Creatures
  A cyclops (D:7)
  Maggie (D:6)
  Grinder (D:6)
  A hornet (D:7)
  3 water moccasins
  An orc warrior (D:6)
  An ice beast (D:7)
  A sky beast (D:7)
  A hornet zombie (D:6)
  An ogre (D:7)
  3 centaurs
  A phantom (D:5)
  A bullfrog (D:6)
  A necrophage (D:4)
  2 scorpions (D:5)
  3 wights (D:7)
  A howler monkey (D:7)
  A bullfrog zombie (D:6)
  A hound (D:6)
  2 orc priests
  3 jellies
  5 orc wizards
  2 iguanas
  Terence (D:3)
  7 adders
  2 shadow imps
  3 white imps
  4 worms
  3 dart slugs
  28 orcs
  6 endoplasms
  2 giant cockroaches
  9 goblins
  7 hobgoblins
  13 jackals
  5 kobolds
  6 quokkas
  2 ball pythons
  8 bats
  3 frilled lizards
  5 rats
152 creatures vanquished.

Vanquished Creatures (others)
  An orc wizard (D:5)
  7 fungi
8 creatures vanquished.

Grand Total: 160 creatures vanquished

Notes
Turn   | Place    | Note
-------+----------+-------------------------------------------
     0 | D:1      | Anriel the Gargoyle Fighter began the quest for the Orb.
     0 | D:1      | Reached XP level 1. HP: 14/14 MP: 1/1
    71 | D:1      | Reached XP level 2. HP: 19/19 MP: 2/2
   334 | D:1      | Found a faded altar of an unknown god.
   374 | D:1      | Reached XP level 3. HP: 23/23 MP: 3/3
   830 | D:2      | Found a blossoming altar of Fedhas.
  1080 | D:2      | Reached XP level 4. HP: 24/29 MP: 4/4
  1408 | D:3      | Noticed Terence
  1582 | D:3      | Found a shimmering blue altar of Sif Muna.
  1749 | D:3      | Killed Terence
  1750 | D:3      | Reached XP level 5. HP: 15/33 MP: 5/5
  1992 | D:3      | Found a blossoming altar of Fedhas.
  2105 | D:3      | Found a glowing silver altar of Zin.
  2534 | D:4      | Noticed a water moccasin
  2540 | D:4      | Killed a water moccasin
  2541 | D:4      | Reached skill level 1 in Dodging
  2541 | D:4      | Reached XP level 6. HP: 38/38 MP: 6/6
  2928 | D:4      | Found a shadowy altar of Dithmenos.
  3098 | D:5      | Entered Level 5 of the Dungeon
  3098 | D:5      | Noticed a water moccasin
  3112 | D:5      | Killed a water moccasin
  3113 | D:5      | Reached skill level 5 in Maces & Flails
  3113 | D:5      | Reached XP level 7. HP: 32/44 MP: 7/7
  3135 | D:5      | Reached skill level 5 in Armour
  3228 | D:5      | Reached skill level 1 in Throwing
  3468 | D:5      | Found an ornate altar of the Wu Jian Council.
  3833 | D:5      | Reached skill level 5 in Fighting
  3833 | D:5      | Reached XP level 8. HP: 45/49 MP: 8/8
  3988 | D:6      | Noticed Grinder
  4016 | D:6      | Killed Grinder
  4046 | D:6      | Found a stormy altar of Qazlal.
  4106 | D:6      | Reached skill level 5 in Shields
  4483 | D:6      | Noticed Maggie
  4495 | D:6      | Killed Maggie
  4856 | D:6      | Reached XP level 9. HP: 31/54 MP: 6/9
  4861 | D:6      | Found a basalt altar of Yredelemnul.
  5530 | D:7      | Noticed a cyclops
  5551 | D:7      | Killed a cyclops
  5844 | D:7      | Identified the +1 robe of a wizard's laboratory {rF++
                  | Str+3}
  5935 | D:7      | Noticed a hornet
  5958 | D:7      | Killed a hornet
  5974 | D:7      | Found a staircase to the Ecumenical Temple.
  5989 | Temple   | Entered the Ecumenical Temple
  6001 | Temple   | Became a worshipper of Warmaster Okawaru
  6157 | D:7      | Reached skill level 5 in Throwing
  6293 | D:7      | Noticed an eight-headed hydra
  6320 | D:7      | HP: 2/56 [eight-headed hydra (10)]
  6320 | D:7      | Mangled by an eight-headed hydra

Illustrated notes

Levels and vault maps discovered:
D:1:      mainiacjoe_arrival_reflecting_pool, layout_rooms,
          chequers_ecumenical_altar_lobes
D:2:      layout_basic, basic_altar
D:3:      layout_basic, kennysheep_orc_sif_temple, zin_statuary, fedhas_altar_3,
          uniq_terence
D:4:      layout_basic, grunt_dithmenos_smoke_and_mirrors, chequers_avenue,
          st_stairs_7, grunt_decor_cap, guppyfry_early_lair_pool
D:5:      layout_loops_ring, nzn_wu_jian_contemplation
D:6:      layout_basic, lemuel_round_altar, lemuel_zombie_altar_yredelemnul,
          serial_aquarium, aquarium_bridge_square [aquarium_subvault_bridge,
          aquarium_subvault_bridge, aquarium_subvault_bridge,
          aquarium_subvault_window], aquarium_window_fake, aquarium_window_2,
          aquarium_view_2e, aquarium_view_2e, aquarium_balcony_double_2,
          uniq_maggie, uniq_grinder
D:7:      layout_loops_corners, minmay_temple_entry_sparse_star, minivault_23,
          st_stairs_7
Temple:   dshaligram_water_room_temple

Skill      XL: |  1  2  3  4  5  6  7  8  9 |
---------------+----------------------------+-----
Maces & Flails | 3 4 5 6 7 |  7.9
Armour         | 4 5 6 7 |  7.1
Fighting       | 4 5 6 |  6.3
Dodging        | 1 2 |  2.0
Shields        | 4 5 6 |  6.6
Throwing       | 1 3 5 |  5.2
Stealth        | |  0.4

Action                   |  1- 3 |  4- 6 |  7- 9 || total
-------------------------+-------+-------+-------++-------
Melee: Flail             |   105 |   193 |   307 ||   605
       Mace              |       |       |    37 ||    37
Throw: Boomerang         |       |     8 |    76 ||    84
  Use: Potion            |       |     5 |     4 ||     9
       Scroll            |       |     8 |     6 ||    14
Armor: Scale mail        |    62 |    33 |       ||    95
       Skin              |       |     5 |       ||     5
       Chain mail        |       |    73 |   217 ||   290
Dodge: Dodged            |    59 |    53 |   122 ||   234
Block: Buckler           |    23 |    36 |    63 ||   122
